 Dungeon Crawl Stone Soup version 0.22-a0-892-g9f47413 (webtiles) character file.

23 plsesad the Skirmisher (level 3, 0/33 HPs)
             Began as an Abomination Archaeologist on Nov 5, 2019.
             Succumbed to a worker ant's poison
             ... on level 2 of the Dungeon.
             The game lasted 00:00:43 (783 turns).

plsesad the Skirmisher (Abomination Archaeologist)   Turns: 783, Time: 00:00:43

Health: 0/33       AC:  4    Str: 15    XL:     3   Next: 10%
Magic:  4/4        EV: 12    Int:  9    God:
Gold:   60         SH:  0    Dex:  8    Spells: 2/2 levels left

rFire    x x .     SeeInvis .   a - +0 whip
rCold    . . .     Gourm    .   (no shield)
rNeg     . . .     Faith    .   b - +1 robe
rPois    .         Spirit   .   c - +1 hat
rElec    .         Reflect  .   (no cloak)
rCorr    .         Harm     .   (no boots)
MR       .....                  (no amulet)
Stlth    +.........             (no ring)
HPRegen  0.51/turn              (no ring)
MPRegen  0.09/turn

@: lethally poisoned (0 -> -1), hasted, studying Maces & Flails, very quick
A: tentacle arms, two strong arms, no magic resistence, amphibious, 8 rings,
regeneration 1, heat vulnerability 2
a: no special abilities


You were on level 2 of the Dungeon.
You were not hungry.

You visited 1 branch of the dungeon, and saw 2 of its levels.

You collected 60 gold pieces.

Inventory:

Hand Weapons
 a - a +0 whip (weapon)
Armour
 b - a +1 robe (worn)
 c - a +1 hat (worn)
 j - a +0 helmet
Jewellery
 h - an uncursed ring of ice {unknown}
Scrolls
 f - 6 scrolls of identify
 i - a scroll of enchant weapon {unknown}
 k - a scroll of random uselessness {unknown}
Books
 d - a manual of Maces & Flails
Miscellaneous
 e - an ancient crate
Comestibles
 g - 2 rations


   Skills:
 - Level 4.0 Fighting
 + Level 0.5 Maces & Flails
 - Level 2.4 Dodging
 - Level 0.3 Stealth


You had 2 spell levels left.
You didn't know any spells.
Your spell library was empty.

Dungeon Overview and Level Annotations

Branches:
Dungeon (2/15)

Altars:
Elyvilon


Innate Abilities, Weirdness & Mutations

You have a mass of tentacles for a left arm.
You have two strong right arms.
Your body has no innate resistence to magic.
You have gills and webbed feet.
You can wear up to eight rings at the same time.
Your natural rate of healing is unusually fast.
You are very vulnerable to heat. (rF--)


Message History

The tryhard lobster bites you but does no damage.
You closely miss the adder.
The adder is heavily wounded.
You feel sick. The batcrab misses you. The batcrab closely misses you.
The adder barely misses you.
The tryhard lobster bites you but does no damage.
The adder bites you but does no damage.
You completely miss the adder.
The adder is heavily wounded.
You feel sick. The batcrab barely misses you. The adder bites you.
The tryhard lobster bites you.
* * * CRAB GONE DIE * * *
You hit the adder.
The adder is severely wounded.
The batcrab closely misses you. The adder completely misses you.
The tryhard lobster bites you.
* * * CRAB GONE DIE * * *
The adder completely misses you.
It was a crabjuice of crabfast.
You feel yourself speed up.
Your journey is over little crab

#..... #.....#
#.....#########
#..............
#..............
#..............
#.......)......
#..†...@S......
#.....b.a......
#..............
##...#.........
###...#.........
#.'...+.....$...
#.#...#.........
#.#...#.........
#.#...##########


You could see a worker ant, an adder and a bat.

Vanquished Creatures
  A dart slug (D:1)
  2 ball pythons (D:1)
  6 bats (D:1)
  A goblin (D:1)
  4 hobgoblins (D:1)
  A quokka (D:2)
  A frilled lizard (D:1)
  3 kobolds (D:1)
  A rat (D:1)
20 creatures vanquished.

Notes
Turn   | Place    | Note
-------+----------+-------------------------------------------
     0 | D:1      | plsesad the Abomination Archaeologist began the quest for the Orb.
     0 | D:1      | Reached XP level 1. HP: 19/19 MP: 2/2
   133 | D:1      | Reached XP level 2. HP: 26/26 MP: 3/3
   340 | D:1      | Found a white marble altar of Elyvilon.
   447 | D:1      | Reached skill level 4 in Fighting
   447 | D:1      | Reached XP level 3. HP: 33/33 MP: 4/4
   782 | D:2      | HP: 1/33 [worker ant (6)]
   783 | D:2      | Succumbed to a worker ant's poison

Vault maps used:
D:1:      ncdulo_smallfort, kennysheep_flooded_box, minmay_misc_feat_room
D:2:      grunt_qazlal_clouds

Skill      XL: |  1  2 |
---------------+-------+-----
Fighting       | 4 |  4.0
Maces & Flails | |  0.5
Dodging        | |  2.4
Stealth        | |  0.3

Action                   || total
-------------------------++-------
Melee: Whip              ||    89
       Tentacles         ||     8
  Use: Potion            ||     1
Armor: Robe              ||    33
Dodge: Dodged            ||   102

Table legend:
 A = Spawn XP
 B = Non-spawn XP
 C = Spawn XP percentage of total XP
 D = Spawn monster count
 E = Non-spawn monster count
 F = Spawn count percentage of total count
 G = Total turns spent on level
                    A         B        C        D         E        F      G
               +---------+---------+-------+---------+---------+-------+---------
         Total |       0 |      33 |   0.0 |       0 |      20 |   0.0 |   783
               +---------+---------+-------+---------+---------+-------+---------
           D:1 |       0 |      31 |   0.0 |       0 |      19 |   0.0 |   729
           D:2 |       0 |       2 |   0.0 |       0 |       1 |   0.0 |    54
               +---------+---------+-------+---------+---------+-------+---------
